[Event "Indian Rapid Championship 2023-24"]
[Site "Nashik"]
[Date "2024.03.04"]
[Round "3.9"]
[White "Das, Arghyadip"]
[Black "Sai Agni Jeevitesh, J."]
[Result "1/2-1/2"]
[ECO "D02"]
[WhiteElo "2405"]
[BlackElo "2285"]
[Annotator "TA"]
[PlyCount "75"]
[EventDate "2024.03.02"]
[EventType "swiss"]
[EventCountry "IND"]
[SourceTitle "playchess.com"]
[Source "ChessBase"]
[SourceQuality "1"]
[TimeControl "900+10"]

1. Nf3 d5 2. d4 Nf6 3. Bf4 e6 4. e3 c5 5. Nbd2 Qb6 6. Rb1 Bd6 7. dxc5 Qxc5 8. b4 Qc7 9. Bxd6 Qxd6 10. c4 dxc4 11. Bxc4 O-O 12. O-O Rd8 13. Qb3 Nc6 14. Rfd1 Qe7 15. a3 Bd7 16. Bd3 Be8 17. Ne4 Nxe4 18. Bxe4 a6 19. h3 Rxd1+ 20. Rxd1 Rd8 21. Ne1 Rxd1 {[%emt 0:03:41] The position is equal.} 22. Qxd1 Qd8 23. Qxd8 Nxd8 $11 {[%emt 0:00:01][%mdl 4096] Endgame. KBN-KBN} 24. Nd3 Bb5 {[%emt 0:00:57] [#] Strongly threatening ...f5.} (24... f5 $5 25. Bf3 $8 b6 $11) 25. g4 Bxd3 26. Bxd3 {[%emt 0:00:01] KB-KN} g5 27. Kg2 h6 28. Kf3 Kf8 29. Ke4 Ke7 30. Kd4 {[%emt 0:00:10] Threatens to win with Kc5.} Kd6 31. Be4 f6 32. f4 Nc6+ 33. Kc3 b5 34. Bxc6 Kxc6 35. Kd4 Kd6 36. Ke4 Kc6 37. Kd4 Kd6 38. Ke4 {[%emt 0:00:00] A rather calm draw.   Weighted Error Value: White=0.04 (flawless) /Black=0.03 (flawless) .  Inaccurate:     	White=1     	---        OK:         	White=8     	Black=13} 1/2-1/2

[Event "Indian Rapid Championship 2023-24"]
[Site "Nashik"]
[Date "2024.03.04"]
[Round "3.10"]
[White "Mohammad Nubairshah Shaikh"]
[Black "Nithin Babu"]
[Result "1-0"]
[ECO "D78"]
[WhiteElo "2436"]
[BlackElo "2346"]
[Annotator "RC"]
[PlyCount "129"]
[EventDate "2024.03.02"]
[EventType "swiss"]
[EventCountry "IND"]
[SourceTitle "playchess.com"]
[Source "ChessBase"]
[SourceQuality "1"]
[TimeControl "900+10"]

1. Nf3 Nf6 2. g3 g6 3. b3 Bg7 4. Bb2 O-O 5. Bg2 c5 6. c4 d6 7. d4 d5 8. dxc5 Qa5+ 9. Nbd2 dxc4 10. O-O c3 11. Nc4 Qxc5 12. Bxc3 Nc6 13. Nfe5 Rd8 14. b4 Rxd1 15. bxc5 Rxf1+ 16. Rxf1 Nxe5 17. Bxe5 Nd7 18. Bxg7 Kxg7 19. Rd1 Nxc5 20. Rd8 Ne6 21. Re8 Kf6 22. e4 Nc5 23. Rg8 Nd7 24. Bh3 e6 25. e5+ Nxe5 26. Nd6 Nc6 27. f4 Rb8 28. Rxc8 Rxc8 29. Nxc8 a5 30. a4 Nd4 31. Nb6 Ke7 32. Bg2 Kd6 33. Nc4+ Kc7 34. Nxa5 b6 35. Nc4 Ne2+ 36. Kf2 Nc3 37. Nb2 Kd6 38. Ke3 Kc5 39. Kd3 Na2 40. Kc2 f6 41. Bf1 Nb4+ 42. Kb3 Nc6 43. Bg2 Nd4+ 44. Kc3 e5 45. Nd3+ Kd6 46. fxe5+ fxe5 47. Be4 Ne6 48. h4 Nd4 49. Kc4 Ne2 50. g4 Ke6 51. Bd5+ Kd6 52. Nf2 Nf4 53. Ne4+ Kc7 54. g5 Ng2 55. Bg8 Nxh4 56. Bxh7 Kd7 57. Bg8 Nf3 58. Bf7 Nh4 59. Kd5 Ke7 60. Be6 Nf3 61. Bg4 Ne1 62. Be2 Nc2 63. Kxe5 Ne3 64. Nc3 Nc2 65. Bd3 1-0

[Event "Indian Rapid Championship 2023-24"]
[Site "Nashik"]
[Date "2024.03.04"]
[Round "4.1"]
[White "Shahil Dey"]
[Black "Ghosh, Diptayan"]
[Result "0-1"]
[ECO "D02"]
[WhiteElo "2332"]
[BlackElo "2559"]
[Annotator "RC"]
[PlyCount "127"]
[EventDate "2024.03.02"]
[EventType "swiss"]
[EventCountry "IND"]
[SourceTitle "playchess.com"]
[Source "ChessBase"]
[SourceQuality "1"]
[TimeControl "900+10"]

1. Nf3 d5 2. g3 Nd7 3. d4 Nb6 4. Bg2 Bf5 5. O-O e6 6. Nbd2 Be7 7. b3 Nf6 8. Bb2 h6 9. c4 c6 10. Ne5 O-O 11. e3 a5 12. Qe2 Bh7 13. a3 Nbd7 14. Rac1 Qb6 15. Rfd1 Rfd8 16. Nxd7 Nxd7 17. c5 Qc7 18. f4 b6 19. b4 axb4 20. axb4 bxc5 21. bxc5 Rdb8 22. Ra1 Rxa1 23. Bxa1 Qa5 24. Rc1 Qa3 25. Qe1 Bf6 26. Rc3 Qa2 27. Qc1 Ra8 28. Bb2 Bd8 29. Ra3 Rxa3 30. Bxa3 Ba5 31. Bb2 Nf6 32. Bc3 Bc7 33. h3 Qa6 34. Bf1 Bd3 35. Bg2 g5 36. Kf2 gxf4 37. gxf4 Kh7 38. Qa1 Qxa1 39. Bxa1 Ba5 40. Nb3 Bb4 41. Nc1 Bc4 42. Ne2 Kg6 43. Ng3 h5 44. Bb2 Bd3 45. Bf3 h4 46. Ne2 Bf5 47. Bg2 Ne4+ 48. Bxe4 Bxe4 49. Bc3 Ba3 50. Ng1 Bf5 51. Be1 f6 52. Kg2 Kh5 53. Ne2 Bd3 54. Kf3 Bb2 55. Bd2 Bf5 56. Kg2 e5 57. fxe5 fxe5 58. dxe5 Bxe5 59. Nd4 Bd7 60. Be1 Bf6 61. Nf3 Be7 62. Bb4 Be8 63. Kh2 Kg6 64. Be1 0-1

[Event "Indian Rapid Championship 2023-24"]
[Site "Nashik"]
[Date "2024.03.04"]
[Round "4.2"]
[White "Aronyak Ghosh"]
[Black "Kushagra Mohan"]
[Result "1-0"]
[ECO "A38"]
[WhiteElo "2517"]
[BlackElo "2351"]
[Annotator "TA"]
[PlyCount "109"]
[EventDate "2024.03.02"]
[EventType "swiss"]
[EventCountry "IND"]
[SourceTitle "playchess.com"]
[Source "ChessBase"]
[SourceQuality "1"]
[TimeControl "900+10"]

1. Nf3 Nf6 2. c4 c5 3. Nc3 Nc6 4. g3 e5 5. Bg2 g6 6. d3 Bg7 7. a3 O-O 8. O-O d6 9. Rb1 a5 10. Bg5 h6 11. Bxf6 Bxf6 12. Nd5 Bg7 13. b4 axb4 14. axb4 {[%emt 0:00:01] White is slightly better.} b6 15. b5 Nb8 (15... Na5 $14) 16. Nd2 $16 {[%emt 0:00:28][%cal Od5b6] White has more active pieces. The black rooks are passive. A dynamic duo of knights.} Bb7 {[%emt 0:01:45] [#]} 17. Nf6+ $1 Bxf6 (17... Qxf6 18. Bxb7) 18. Bxb7 Ra7 {[%emt 0:00:01] Black is weak on the light squares} 19. Bd5 Bg7 20. Ra1 Qc7 (20... Rxa1 $16 21. Qxa1 e4) 21. Rxa7 $18 Qxa7 22. Qa1 Qe7 23. Qa8 Kh7 (23... e4 $142 24. Nxe4 Kh7) 24. Qb7 Qxb7 25. Bxb7 f5 26. Bd5 {[%emt 0:00:19] Wards off Rf7} e4 (26... Nd7 $142 27. Ra1 Kh8) 27. dxe4 f4 28. Be6 {[%emt 0:01:54] Dodges Nd7} Re8 29. Bh3 fxg3 30. hxg3 Re7 31. Rd1 Nd7 32. Bxd7 Rxd7 {[%emt 0:00:01][%mdl 4096] Endgame. KRB-KRN} 33. Nf1 Bd4 34. e3 Bg7 35. Rd2 Kg8 36. Ra2 Kf7 37. Ra6 Rb7 38. Kg2 h5 {[%emt 0:00:06] [#]} 39. g4 $1 hxg4 40. Nh2 Re7 41. Rxb6 Rxe4 {[%emt 0:00:03] [#]} 42. Rxd6 (42. Rb7+ $1 $18 Kg8 43. Rd7 Rxc4 44. b6 (44. Rxd6 g3 $16)) 42... Rxc4 43. Rc6 Be5 44. b6 Rc2 $2 {[%emt 0:00:12][%mdl 8192] A mistake that costs the game.} ({Black should play} 44... Rb4 $14) 45. Nxg4 Bb8 46. Kf3 Rb2 47. e4 (47. Rxc5 Rxb6 48. Rd5 Ke7 $16) (47. Ke4 $142) 47... Rb3+ $2 (47... c4 48. Rf6+ (48. Rxc4 Rb3+ 49. Ne3 Rxb6 $16) 48... Kg7) 48. Ne3 Be5 49. Kg4 Bd4 50. Nd5 c4 51. f4 {[%emt 0:00:11][%cal Oe4e5] Threatens to win with e5!} Rb5 52. Rc7+ Kf8 53. Rxc4 Bxb6 54. Rc8+ Kf7 55. Rb8 {[%emt 0:00:01] Weighted Error Value: White=0.16 (very precise) /Black=0.53.  Loses game:     	---       	Black=1      Mistake:       	White=2     	Black=5      Inaccurate:     	White=2     	Black=5      OK:         	White=20    	Black=12     Best:        	White=5     	Black=1} 1-0

[Event "Indian Rapid Championship 2023-24"]
[Site "Nashik"]
[Date "2024.03.04"]
[Round "4.3"]
[White "Raja Rithvik R"]
[Black "Laxman, R.R."]
[Result "1-0"]
[ECO "D30"]
[WhiteElo "2532"]
[BlackElo "2331"]
[Annotator "TA"]
[PlyCount "79"]
[EventDate "2024.03.02"]
[EventType "swiss"]
[EventCountry "IND"]
[SourceTitle "playchess.com"]
[Source "ChessBase"]
[SourceQuality "1"]
[TimeControl "900+10"]

1. d4 d5 2. c4 e6 3. Nf3 h6 4. g3 Nf6 5. Bg2 Nc6 6. O-O Bd6 7. Qc2 O-O 8. Rd1 {[%emt 0:00:06] White is slightly better.} a5 9. a3 {[%emt 0:00:21] Prevents Nb4} Bd7 10. Nc3 Re8 (10... dxc4 $11 11. e4 e5) 11. e4 Nxe4 12. Nxe4 dxe4 13. Qxe4 a4 14. Ne5 f5 15. Nxc6 Bxc6 16. Qc2 Bxg2 17. Kxg2 Qd7 18. Be3 Qc6+ 19. Kg1 Qf3 20. Rd3 Qg4 (20... Qc6 $11) 21. c5 $16 Be7 22. Bf4 c6 23. Re1 Bf6 24. Qc4 Qg6 25. Rxe6 {[%emt 0:00:19] White has more active pieces.} Qf7 26. Rxe8+ Rxe8 27. Qb4 {[%emt 0:02:48][%cal Of4e3] Repels Re1+} (27. Qxa4 Re1+ 28. Kg2 Qd5+ 29. f3 (29. Rf3 Bxd4 30. Qb3 Qxb3 $15) 29... Re2+ 30. Kg1 Rxb2 $17) (27. Qc3 $5) 27... Re4 (27... Qd5 $11) 28. Be3 $1 (28. Qxa4 Re1+ 29. Kg2 Qd5+ 30. Rf3 g5 31. Qa8+ Kf7 32. Qxb7+ Kg6 $15) 28... g5 29. f3 (29. Qxa4 $16 f4 30. Bd2) 29... Re8 (29... Re7 $14) 30. Qxa4 Qa2 31. Bf2 ({Wrong is} 31. Qb3+ $2 Qxb3 32. Rxb3 Rxe3 $19) (31. d5 $16 Kf7 32. d6 (32. dxc6 bxc6 33. Qc2 Qxb2 $18)) 31... Qxb2 $11 32. Qc4+ (32. Qb3+ {simplifies} Qxb3 33. Rxb3 Re7 34. g4) 32... Kf8 {[%emt 0:00:12] [#] aiming for ...Re2.} 33. Rb3 Qa2 (33... Qa1+ {simplifies} 34. Qf1 Bxd4 35. Qxa1 Bxa1 36. Rxb7 Ra8) 34. Kf1 {[%emt 0:00:41] Prevents Re2} (34. Rb4 {simplifies} Qxc4 35. Rxc4 Kf7 36. Kf1) 34... g4 (34... Qa1+ $11 {remains equal.} 35. Kg2 Qa2) 35. Qd3 gxf3 (35... Re7 $142) 36. Qxf3 $16 Qc2 $2 {[%emt 0:00:37] A mistake that costs the game.} (36... Re7 $16 37. d5 cxd5) 37. Rxb7 $18 Re4 $2 (37... Qe4 38. Qxe4 fxe4) 38. Qh5 {[%emt 0:00:24][%csl Gb7][%cal Rh5f7] [#]} (38. Qxf5 $2 {is the wrong capture.} Re1+ 39. Kxe1 Qxf5 $19) 38... Be7 39. Qxf5+ Kg8 40. Qg6+ {[%emt 0:00:04] Weighted Error Value: White=0.18 (very precise) /Black=0.48.  Loses game:     	---       	Black=1      Mistake:       	White=2     	Black=7      Inaccurate:     	White=4     	Black=3      OK:         	White=7     	Black=11     Best:        	White=2     	Black=1      Strong:       	White=1     	---} 1-0

[Event "Indian Rapid Championship 2023-24"]
[Site "Nashik"]
[Date "2024.03.04"]
[Round "4.4"]
[White "Hari Madhavan N B"]
[Black "Moksh Amit Doshi"]
[Result "1-0"]
[ECO "C54"]
[WhiteElo "2395"]
[BlackElo "2353"]
[Annotator "ChessBase"]
[PlyCount "59"]
[EventDate "2024.03.02"]
[EventType "swiss"]
[EventCountry "IND"]
[SourceTitle "playchess.com"]
[Source "ChessBase"]
[SourceQuality "1"]
[TimeControl "900+10"]

1. e4 e5 2. Nf3 Nc6 3. Bc4 Bc5 4. c3 Nf6 5. d4 exd4 6. e5 d5 7. Bb5 Ne4 8. cxd4 Bb6 9. Be3 O-O 10. Nc3 Bg4 11. h3 Bh5 12. Qa4 Ne7 13. Bd3 Bg6 14. Qc2 Ba5 15. O-O Bxc3 16. bxc3 Nf5 17. Rae1 Qd7 18. Nd2 Nxe3 19. Rxe3 Nxd2 20. Qxd2 Rac8 21. f4 Bxd3 22. Qxd3 f5 23. e6 Qd6 24. e7 Rfe8 25. Qxf5 c6 26. Rfe1 Rc7 27. Re6 Qa3 28. Qe5 Rd7 29. Re3 Qa5 30. Rg3 1-0

[Event "Indian Rapid Championship 2023-24"]
[Site "Nashik"]
[Date "2024.03.04"]
[Round "4.5"]
[White "Wagh Suyog"]
[Black "Neelotpal, Das"]
[Result "1/2-1/2"]
[ECO "A13"]
[WhiteElo "2250"]
[BlackElo "2355"]
[Annotator "TA"]
[PlyCount "71"]
[EventDate "2024.03.02"]
[EventType "swiss"]
[EventCountry "IND"]
[SourceTitle "playchess.com"]
[Source "ChessBase"]
[SourceQuality "1"]
[TimeControl "900+10"]

1. Nf3 Nf6 2. c4 e6 3. g3 d5 4. Bg2 d4 5. e3 Nc6 6. exd4 Nxd4 7. O-O Bc5 8. d3 O-O 9. Nc3 c6 10. Nxd4 Bxd4 11. Ne2 Bb6 12. d4 {[%emt 0:00:10] [#]} e5 $1 {[%emt 0:00:14] Lässt Bf4 nicht zu} 13. d5 (13. dxe5 Qxd1 14. Rxd1 Ng4 $19) (13. c5 Bc7) 13... cxd5 14. cxd5 Bg4 15. h3 Bh5 16. g4 Bg6 17. Bg5 Re8 18. Nc3 h6 19. Be3 e4 20. Qd2 h5 (20... Bc7 $15) 21. Bxb6 $11 Qxb6 22. gxh5 (22. g5 $11 Nd7 23. Rad1) 22... Nxh5 $17 23. Rfe1 Nf6 (23... f5 $17 24. Qg5 Rad8 (24... Qxb2 25. Qxg6 Nf4 26. Qxf5 $14)) 24. Re3 Rad8 25. Rae1 Qc5 (25... Re5 {ist vielschichtiger.} 26. Nxe4 Bxe4 27. Bxe4 Nxe4 28. Rxe4 Rdxd5 29. Qc3 Qg6+) 26. Nxe4 {[%emt 0:00:49] Die Stellung ist ausgeglichen.} (26. Bxe4 {hält die Spannung aufrecht.} Rxe4 27. Nxe4 Bxe4 28. Rxe4 Nxe4 29. Rxe4 Rxd5 30. Qf4) 26... Bxe4 (26... Qxd5 27. Nxf6+ gxf6 28. Rxe8+ (28. Bxd5 Rxe3 29. Rxe3 Kh7 $18) 28... Kh7 29. Bxd5 Rxe8 30. Rxe8 Bh5 31. Qb4 (31. Bxb7 Kg7 32. Qd8 Bg6 33. Rg8+ Kh6 34. Qxf6 Kh5 35. Rh8+ Bh7 36. Rxh7#)) (26... Rxe4 {scheint wilder zu sein.} 27. Bxe4 Bxe4 28. Rxe4 Nxe4 29. Rxe4 Rxd5 30. Qf4 Rg5+) 27. Bxe4 Nxe4 ({Viel schwächer wäre} 27... Nxd5 $6 28. Bxd5 Rxe3 29. Bxf7+ Kxf7 30. Qxe3 Qxe3 31. Rxe3 $16) (27... Rxe4 {sieht schärfer aus.} 28. Rxe4 Rxd5 29. Qf4 Rg5+) 28. Rxe4 Rxe4 (28... Qxd5 $2 {ist das falsche Schlagen.} 29. Rxe8+ Kh7 30. Rxd8 $18 (30. Qxd5 Rxd5 31. R1e7 Kg6 $18)) 29. Rxe4 Rxd5 30. Qe3 (30. Qf4 {hält die Spannung aufrecht.} Rg5+ 31. Kh2 g6 32. Qf6) 30... Qxe3 (30... Qd6 {sieht schärfer aus.} 31. Qg3 Qf6 32. Qb8+ Kh7) 31. Rxe3 $11 {[%emt 0:00:07] KR-KR} Rd2 32. Rb3 b6 33. Ra3 Rxb2 34. Rxa7 f6 35. a4 Kh7 36. a5 {[%emt 0:00:22] Gewichteter Fehlerwert: Weiß=0.12 (sehr präzise) /Schwarz=0.13 (sehr präzise) .  Fehler:       	Weiß=1     	Schwarz=2     Ungenau:       	Weiß=1     	Schwarz=2     OK:         	Weiß=12    	Schwarz=8     Bester:       	---       	Schwarz=2} 1/2-1/2

[Event "Indian Rapid Championship 2023-24"]
[Site "Nashik"]
[Date "2024.03.04"]
[Round "4.6"]
[White "Sidhant, Mohapatra"]
[Black "Vaz, Ethan"]
[Result "1/2-1/2"]
[ECO "A13"]
[WhiteElo "2379"]
[BlackElo "2409"]
[Annotator "TA"]
[PlyCount "73"]
[EventDate "2024.03.02"]
[EventType "swiss"]
[EventCountry "IND"]
[SourceTitle "playchess.com"]
[Source "ChessBase"]
[SourceQuality "1"]
[TimeControl "900+10"]

1. Nf3 d5 2. e3 Nf6 3. c4 e6 4. b3 c5 5. Bb2 Nc6 6. cxd5 exd5 7. Bb5 Bd6 8. O-O Bg4 9. d4 cxd4 10. Bxd4 a6 {[%emt 0:01:15] The position is equal.} 11. Be2 ({White should try} 11. Bxc6+ $11 bxc6 12. h3) 11... Bxf3 $15 12. Bxf3 Nxd4 13. exd4 O-O 14. Nd2 Qb6 15. Re1 Bb4 ({Much worse is} 15... Qxd4 16. Ne4 Bc5 17. Qxd4 Bxd4 18. Nxf6+ Bxf6 19. Rac1 $11) 16. Re3 {[%emt 0:00:40] Repels Bc3} Qxd4 17. Nf1 Bc5 {[%emt 0:00:16] ...Qxd1 would now be deadly.} 18. Qe1 Qh4 19. g3 Qh3 20. Re2 Qf5 21. Kg2 Rfe8 22. Rd1 Rxe2 23. Qxe2 Rd8 24. a4 a5 25. h4 h6 26. g4 Qf4 27. Qd2 {[%emt 0:00:13] White is weak on the dark squares} Qxd2 28. Rxd2 b6 29. g5 hxg5 30. hxg5 Nh7 31. Rxd5 Rxd5 32. Bxd5 Nxg5 {[%emt 0:00:01] KBN-KBN} 33. Nd2 Kf8 34. f4 {[%emt 0:00:26] Black is slightly better.} Be3 35. fxg5 Bxd2 36. g6 fxg6 37. Bc4 {[%emt 0:00:02] Black took control after the opening.   Weighted Error Value: White=0.13 (very precise) /Black=0.08 (flawless) .  Mistake:       	White=1     	---        Inaccurate:     	White=3     	Black=3      OK:         	White=8     	Black=12     Best:        	White=1     	Black=3} 1/2-1/2

[Event "Indian Rapid Championship 2023-24"]
[Site "Nashik"]
[Date "2024.03.04"]
[Round "4.7"]
[White "Dushyant Sharma"]
[Black "Mohammad Nubairshah Shaikh"]
[Result "0-1"]
[ECO "B12"]
[WhiteElo "2331"]
[BlackElo "2436"]
[Annotator "TA"]
[PlyCount "80"]
[EventDate "2024.03.02"]
[EventType "swiss"]
[EventCountry "IND"]
[SourceTitle "playchess.com"]
[Source "ChessBase"]
[SourceQuality "1"]
[TimeControl "900+10"]

1. e4 c6 2. d4 d5 3. f3 dxe4 4. fxe4 e5 5. Nf3 Bg4 6. c3 Nd7 7. Be3 Bd6 (7... Ngf6 $11) 8. Be2 (8. Nbd2 $1 $14) 8... Ngf6 $15 9. Nbd2 O-O 10. O-O Qc7 11. h3 Bh5 12. Nh4 Bg6 13. Nxg6 hxg6 14. Bd3 Rae8 15. Qf3 b5 16. Rae1 a6 17. a3 {[%emt 0:00:21] [#]} (17. Bf2 $11 {keeps the balance.}) 17... c5 (17... exd4 $1 $17 18. cxd4 Bh2+ 19. Kh1 c5) 18. Rc1 {[%emt 0:02:53] [#]} (18. d5 $11) 18... Qb8 ({Black should play} 18... exd4 $1 $17 19. cxd4 Qb8) 19. dxc5 Nxc5 20. Bb1 Rc8 (20... Ne6 $142) 21. c4 (21. b4 $11 Ne6 22. Ba2) 21... b4 $17 22. Rf2 (22. axb4 $142 Qxb4 23. b3) 22... bxa3 23. bxa3 Qb2 24. Nf1 Qxa3 {[%emt 0:00:01] Black is much more active.} 25. Rd1 (25. Ra2 $17 Qb4 26. Nd2) 25... Rc6 26. Kh1 Ne6 {[%emt 0:00:11][%cal Oa3b4] A dynamic duo of knights.} 27. Rfd2 Bb4 28. Ra2 Qb3 29. Nd2 Bxd2 30. Raxd2 Qxc4 31. Kh2 a5 32. Rb2 (32. Ra2 {is a better defense.}) 32... a4 $19 33. Ba2 Qxe4 34. Qxe4 Nxe4 35. Bd5 $2 (35. Rd7) 35... Rd6 {[%emt 0:00:26] Black is clearly winning.} 36. Rc2 {[%emt 0:00:17] Wards off Nc3} Rfd8 37. Bxe4 Rxd1 38. Bb6 Rb8 39. Ba7 Rb4 40. Rc8+ Rd8 {[%emt 0:00:02] Weighted Error Value: White=0.62/Black=0.17 (very precise) .  Mistake:       	White=8     	Black=4      Inaccurate:     	White=3     	Black=2      OK:         	White=9     	Black=11     Best:        	---       	Black=1} 0-1

[Event "Indian Rapid Championship 2023-24"]
[Site "Nashik"]
[Date "2024.03.04"]
[Round "4.8"]
[White "Ratnakaran, K.."]
[Black "Priyanka Nutakki"]
[Result "1-0"]
[ECO "C00"]
[WhiteElo "2258"]
[BlackElo "2272"]
[Annotator "TA"]
[PlyCount "107"]
[EventDate "2024.03.02"]
[EventType "swiss"]
[EventCountry "IND"]
[SourceTitle "playchess.com"]
[Source "ChessBase"]
[SourceQuality "1"]
[TimeControl "900+10"]

1. e4 e6 2. d3 d5 3. Nd2 c5 4. Qe2 Nf6 5. g3 Be7 6. Bg2 Nc6 7. Ngf3 O-O 8. O-O Qc7 9. Re1 b5 10. e5 Nd7 11. Nf1 Bb7 12. Bf4 Rfc8 13. h4 Qd8 14. Ne3 {[%emt 0:00:21] Black is slightly better.} Nf8 15. h5 h6 16. Ng4 Nh7 17. Nfh2 Nd4 18. Qd2 a5 19. c3 Nf5 20. Nf3 b4 21. a3 bxc3 22. bxc3 a4 23. Qc2 Bc6 24. Ngh2 d4 ({Black should try} 24... Ng5 $15) 25. c4 $11 Nf8 26. Bh3 ({Better is} 26. g4 $14) 26... Ra6 27. Rab1 Rb6 28. Bd2 (28. Rxb6 $11 {remains equal.} Qxb6 29. Rb1) 28... Rxb1 29. Rxb1 Rb8 30. Bg2 Nd7 (30... Rxb1+ $11 31. Qxb1 Qc7) 31. g4 $14 Rxb1+ (31... Bxf3 $1 $14 32. Nxf3 Nh4) 32. Qxb1 $16 Bxf3 33. Nxf3 Nh4 34. Nxh4 Bxh4 {[%emt 0:00:02] Black is weak on the light squares} 35. f4 f6 {[%emt 0:00:02] [#]} 36. exf6 Nxf6 37. Bh3 (37. Bf3 $18) 37... Qd6 (37... Kh8 $142) 38. Qb7 Kh7 39. Qf7 Qb8 40. Qxe6 Qb1+ 41. Bf1 Qd1 $2 {[%emt 0:00:23] [#] A mistake that costs the game.} (41... Qa2 $16 {is a better defense.} 42. Qe2 (42. Qf5+ Kh8 $11) 42... Qxa3) 42. Qe2 $1 $18 Qc2 (42... Qb1 43. Kh2 (43. g5 Ng8 $16) 43... Ng8 (43... Nxg4+ $2 44. Kh3 $18)) 43. g5 Ng8 44. Kg2 Qb2 45. Kh3 Qxa3 46. Kxh4 {[%emt 0:00:02] Threatens to win with Bg2.} ({Weaker is} 46. Qe4+ Kh8 $18) 46... Qb2 47. Bg2 a3 48. Bd5 Qb8 49. Bc1 {[%emt 0:00:23] White wants to mate with Qe4+.} Kh8 50. Kg4 hxg5 51. fxg5 {[%emt 0:00:03] White mates.} a2 52. Qxa2 Qc8+ 53. Kg3 Ne7 54. Qa8 {[%emt 0:00:04] Weighted Error Value: White=0.20 (precise) /Black=0.40.  Loses game:     	---       	Black=1      Mistake:       	White=3     	Black=5      Inaccurate:     	White=1     	Black=4      OK:         	White=11    	Black=9      Best:        	White=2     	---        Strong:       	White=1     	---} 1-0

[Event "Indian Rapid Championship 2023-24"]
[Site "Nashik"]
[Date "2024.03.04"]
[Round "4.9"]
[White "Abhishek, Kelkar"]
[Black "Ravi, Teja S."]
[Result "0-1"]
[ECO "B12"]
[WhiteElo "2182"]
[BlackElo "2437"]
[Annotator "TA"]
[PlyCount "92"]
[EventDate "2024.03.02"]
[EventType "swiss"]
[EventCountry "IND"]
[SourceTitle "playchess.com"]
[Source "ChessBase"]
[SourceQuality "1"]
[TimeControl "900+10"]

1. e4 c6 2. d4 d5 3. e5 Bf5 4. h4 h5 5. Bg5 Qb6 6. Bd3 Bxd3 7. Qxd3 Qa6 (7... Qxb2 $17 8. Qb3 Qxb3 (8... Qxa1 $2 9. Qxb7 Kd8 10. Rh3 $18) 9. axb3 e6) 8. Qh3 {[%emt 0:00:30] The position is equal.} (8. Qxa6 {simplifies} Nxa6 9. Nf3 e6 10. O-O) 8... e6 9. Nc3 Be7 10. Qg3 c5 11. Be3 (11. Nge2 $142) 11... g6 12. dxc5 Nh6 13. Bxh6 Rxh6 14. Qf4 Rh8 15. b4 b6 16. Nge2 ({White should try} 16. a4 $1 $11 bxc5 17. Nb5) 16... bxc5 $15 17. bxc5 Nd7 18. O-O Rc8 19. Rab1 Rxc5 (19... Bxc5 20. Nb5 $11) 20. Rb4 Kf8 {[%emt 0:01:11][%cal Be8f8,Bf8g7,Bg7g8][%mdl 32] White should prevent ...Kg7.} 21. Rfb1 Nb6 (21... Kg7 $11 22. Rb7 Rd8) 22. Nb5 $14 Kg7 23. Ned4 (23. Nd6 $1 $16 Rf8 (23... Bxd6 $2 24. Qf6+ Kg8 25. exd6 $18) 24. Nd4) 23... Nc4 $1 $11 24. Nxa7 {[%emt 0:00:17] aiming for Rb7. Excellent horsemanship.} Ra8 $2 {[%emt 0:03:23][%mdl 8192] [#]} (24... Qxa7 $2 25. Rb7 Rc7 26. Rxa7 Rxa7 27. Nc6 Nxe5 28. Nxa7 $18) (24... Rc7 $1 $11 {and Black has nothing to worry.} 25. Nab5 Rb7) 25. Rb7 $1 Rxa7 26. Rxe7 Rxe7 27. Qf6+ Kg8 $1 28. Qxe7 Rc8 {[%emt 0:00:06] Inhibits Qd8+.} 29. Rb7 Rf8 30. Ra7 Qb6 31. Nf3 Qb1+ 32. Kh2 Qxc2 33. Qf6 $2 (33. Kg3 $11) 33... Qxf2 $19 34. Rd7 Ne3 ({Worse is} 34... Qxa2 35. Rd8 Qb2 36. Qe7 Rxd8 37. Qxd8+ Kg7 38. Qf6+ Kg8 39. Qd8+ Kg7 40. Qf6+ Kf8 (40... Kg8 41. Qd8+ $11) 41. Qd8+ Kg7 $11) 35. Qg5 Ng4+ 36. Kh3 Qxa2 {[%emt 0:00:04] ...Nf2+ would now be deadly.} 37. Qf4 Qb1 38. Kg3 (38. Rc7 {was worth a try.}) 38... Qc2 39. Ng5 $2 (39. Rb7) 39... Qc3+ $2 (39... Qe2 40. Kh3 Qxe5 (40... Nxe5 $2 41. Rc7 $19) 41. Qxe5 Nxe5) 40. Nf3 Qb2 41. Kh3 Qf2 42. Rb7 Ne3 43. Qg5 Nf5 44. Rd7 Rc8 $2 (44... Qb2 $19 {Hoping for ...Qb4.} 45. Kh2 Qb5) 45. Kh2 $2 (45. Rd8+ $1 $11 Rxd8 46. Qxd8+ Kg7 47. Qf6+ Kg8 48. Qd8+ Kg7 49. Qf6+ Kf8 (49... Kg8 50. Qd8+ $11) 50. Qd8+ Kg7) 45... Qe3 $2 (45... Qc5 $19 {Strongly threatening ...Rf8.} 46. Qf6 Qf8 (46... Nh6 $2 47. Kh3 $19)) 46. Qxe3 $4 (46. Rd8+ $11 {and White is okay.} Rxd8 47. Qxd8+ Kg7 48. Qf6+ Kf8 (48... Kg8 49. Qd8+ Kg7 50. Qf6+ Kf8 51. Qd8+ Kg7 $11) 49. Qd8+ Kg7 50. Qf6+ Kg8 51. Qd8+ Kg7) 46... Nxe3 {Black used his chance.   Weighted Error Value: White=0.84/Black=0.58.  Loses game:     	White=3     	Black=1      Missed win:     	White=1     	Black=2      Mistake:       	White=5     	Black=3      Inaccurate:     	White=1     	Black=6      OK:         	White=13    	Black=12     Best:        	White=5     	Black=5      Strong:       	---       	Black=2} 0-1